 Dungeon Crawl Stone Soup version 0.29.1-15-g9cfb28693d (webtiles) character file.

Game seed: 3568718749420468412

4839 djent the Spear-Bearer (level 10, -3/86 HPs)
             Began as a Demigod Fighter on Mar 28, 2023.
             Slain by a wyvern (11 damage)
             ... on level 8 of the Dungeon.
             The game lasted 00:27:05 (8237 turns).

djent the Spear-Bearer (Demigod Fighter)            Turns: 8237, Time: 00:27:05

Health: -3/86      AC: 13    Str: 29    XL:     10   Next: 5%
Magic:  13/13      EV: 10    Int:  9    God:
Gold:   235        SH:  0    Dex: 16    Spells: 9/9 levels left

rFire   . . .      SeeInvis .   a - +0 trident
rCold   . . .      Faith    .   c - +0 buckler
rNeg    . . .      Spirit   .   D - +2 troll leather armour
rPois   .          Reflect  .   (no helmet)
rElec   .          Harm     .   e - +0 cloak
rCorr   .          Rampage  .   (no gloves)
Will    +....                   (no boots)
Stlth   +.........              (no amulet)
HPRegen 1.04/turn               n - ring of flight
MPRegen 0.13/turn               r - +4 ring of protection

@: confused, ambrosia-drunk, flying
A: high MP 1, forlorn, divine attributes, iridescent scales 1, strong 1
a: no special abilities


You were on level 8 of the Dungeon.
You visited 2 branches of the dungeon, and saw 10 of its levels.

You collected 429 gold pieces.
You spent 194 gold pieces at shops.

Inventory:

Hand Weapons
 a - a +0 trident (weapon)
 d - a +0 halberd of flaming
 t - a +0 halberd
 H - a +0 vorpal spear
Missiles
 b - 2 curare-tipped darts (quivered)
 o - 2 javelins
 q - 2 boomerangs
 C - 6 silver javelins
 G - 5 datura-tipped darts
 J - 4 poisoned darts
Armour
 c - a +0 buckler (worn)
 e - a +0 cloak (worn)
 D - a +2 troll leather armour (worn)
 I - a +0 plate armour
Jewellery
 n - a ring of flight (left hand)
 r - a +4 ring of protection (right hand)
 K - a ring of positive energy
Wands
 h - a wand of flame (14)
 y - a wand of charming (32)
 B - a wand of mindburst (5)
Scrolls
 g - a scroll of butterflies
 i - a scroll of silence
 j - 4 scrolls of summoning {unknown}
 k - a scroll of identify
 m - 2 scrolls of magic mapping
 p - a scroll of immolation {unknown}
 v - 2 scrolls of blinking
 w - 3 scrolls of amnesia {unknown}
 z - a scroll of brand weapon {unknown}
 A - a scroll of vulnerability {unknown}
 E - a scroll of acquirement {unknown}
 F - a scroll of teleportation
Potions
 l - 2 potions of brilliance
 s - 2 potions of attraction
 u - 2 potions of flight
 x - a potion of mutation


   Skills:
 + Level 7.4 Fighting
 * Level 10.0 Polearms
 - Level 1.5 Throwing
 + Level 3.2 Armour
 - Level 7.2 Shields


You had 9 spell levels left.
You didn't know any spells.
Your spell library contained the following spells:

 Spells                   Type           Power      Damage    Failure   Level
 Freeze                   Ice            0%         1d3       50%         1
 Summon Small Mammal      Summ           0%         N/A       50%         1
 Call Canine Familiar     Summ           0%         N/A       86%         3
 Frozen Ramparts          Ice            0%         1d1       86%         3
 Summon Guardian Golem    Hex/Summ       0%         N/A       86%         3
 Fulminant Prism          Conj/Hex       0%         3d6       99%         4
 Hailstorm                Conj/Ice       0%         3d3       99%         4
 Iskenderun's Mystic Bla  Conj/Tloc      0%         2d3       99%         4
 Lee's Rapid Deconstruct  Erth           0%         3d5*      100%        5


Dungeon Overview and Level Annotations

Branches:
Dungeon (9/15)             Temple (1/1) D:4
   Lair: D:8-11         Orc: D:9-12

Shops:
D:5 :   D:6 ?

Annotations:
D:8 1 exclusion


Innate Abilities, Weirdness & Mutations

You have an increased reservoir of magic. (+10% MP)
You shall have no god before yourself.
Your divine heritage dramatically boosts your attributes as you level up.
You are partially covered in iridescent scales. (AC +2)
Your muscles are strong. (Str +4, Int/Dex -1)


Message History

The wyvern is heavily wounded.
The bullfrog hits you but does no damage.
The wyvern bites you but does no damage.
You hit the wyvern but do no damage.
The wyvern is heavily wounded.
The bullfrog misses you. The wyvern bites you!
You hit the wyvern but do no damage.
The wyvern is heavily wounded.
The bullfrog hits you but does no damage.
The wyvern bites you! You block the bullfrog's attack. The wyvern bites you!
You are too injured to fight recklessly!
You are too injured to fight recklessly!
You are too injured to fight recklessly!
You closely miss the wyvern.
The wyvern is moderately wounded.
The bullfrog hits you!
* * * LOW HITPOINT WARNING * * *
The wyvern bites you but does no damage.
You hit the wyvern.
The wyvern is heavily wounded.
The bullfrog hits you.
* * * LOW HITPOINT WARNING * * *
You block the wyvern's attack.
You hit the wyvern.
The wyvern is heavily wounded.
The bullfrog hits you but does no damage.
The wyvern bites you but does no damage.
You are confused.
You feel invigorated. The wyvern bites you.
* * * LOW HITPOINT WARNING * * *
The bullfrog hits you but does no damage.
The wyvern bites you!
* * * LOW HITPOINT WARNING * * *
The bullfrog hits you but does no damage.
You bump into the rock wall.
The wyvern closely misses you. The bullfrog barely misses you.
The bullfrog barely misses you. The wyvern bites you!
* * * LOW HITPOINT WARNING * * *
The bullfrog barely misses you. The wyvern bites you!
You die...

...(##..## ###...#
....###..# #....##
...####.## ###....##
......#..###.......#
...#.#........#....#
###..........##....#
#####.#####..##.####
..##...# #..##..##
...#.### ##....@>#
.....######.....lF#
.........##..#))..#
.........##......##
.........##.......###
...#........).......#
..................#.##
#....).....).........##
.......#...#..........#


You could see a wyvern and a bullfrog.

Vanquished Creatures
  Maggie (D:8)
  Grinder (D:5)
  6 yaks (D:8)
  Grum (D:8)
  2 water moccasins
  2 orc warriors
  2 sky beasts (D:6)
  4 ogres
  3 wolves (D:8)
  A centaur (D:5)
  3 phantoms
  3 bullfrogs
  2 kobold brigands
  3 necrophages
  6 scorpions
  2 howler monkeys (D:9)
  3 jellies
  5 orc priests
  6 hounds
  5 iguanas
  Natasha (D:2)
  6 orc wizards
  3 gnolls (D:3)
  6 adders
  A white imp (D:8)
  An ufetubus (D:6)
  2 worms
  3 dart slugs
  31 orcs
  3 ball pythons
  8 bats
  11 endoplasms
  5 giant cockroaches
  6 goblins
  9 hobgoblins
  14 kobolds
  7 quokkas
  2 frilled lizards
  4 rats
184 creatures vanquished.

Vanquished Creatures (others)
  A fungus (D:8)
1 creature vanquished.

Grand Total: 185 creatures vanquished

Notes
Turn   | Place    | Note
-------+----------+-------------------------------------------
     0 | D:1      | djent the Demigod Fighter began the quest for the Orb.
     0 | D:1      | Reached XP level 1. HP: 18/18 MP: 3/3
   167 | D:1      | Reached skill level 2 in Polearms
   390 | D:1      | Reached XP level 2. HP: 12/25 MP: 4/4
  1322 | D:2      | Reached XP level 3. HP: 31/31 MP: 5/5
  1495 | D:2      | Noticed Natasha
  1513 | D:2      | Killed Natasha
  1514 | D:2      | Reached skill level 3 in Polearms
  2001 | D:3      | Reached XP level 4. HP: 38/38 MP: 6/6
  2462 | D:3      | Reached XP level 5. HP: 33/45 MP: 7/7
  2577 | D:3      | Noticed an ogre
  2585 | D:3      | Gained mutation: You are partially covered in iridescent
                  | scales. (AC +2) [potion of mutation]
  2585 | D:3      | Gained mutation: You are resistant to electric shocks.
                  | (rElec) [potion of mutation]
  2585 | D:3      | Lost mutation: You are resistant to electric shocks.
                  | (rElec) [potion of mutation]
  2585 | D:3      | Gained mutation: Your muscles are strong. (Str +4, Int/Dex
                  | -1) [potion of mutation]
  2589 | D:3      | Killed an ogre
  2590 | D:3      | Reached skill level 4 in Polearms
  2722 | D:3      | Reached XP level 6. HP: 29/52 MP: 8/8
  3199 | D:3      | Noticed a cacodemon
  3199 | D:3      | Noticed an angel
  3497 | D:5      | Entered Level 5 of the Dungeon
  3623 | D:4      | Found a staircase to the Ecumenical Temple.
  3635 | D:4      | Reached skill level 5 in Polearms
  3889 | Temple   | Entered the Ecumenical Temple
  3944 | D:5      | Found Seudaita's Book Boutique.
  4074 | D:5      | Reached XP level 7. HP: 42/60 MP: 9/9
  4535 | D:5      | Reached skill level 6 in Polearms
  4794 | D:5      | Reached skill level 5 in Fighting
  4794 | D:5      | Reached skill level 5 in Shields
  5090 | D:5      | Reached XP level 8. HP: 68/68 MP: 10/10
  5193 | D:6      | Noticed Grinder
  5199 | D:5      | Killed Grinder
  5200 | D:5      | Reached skill level 7 in Polearms
  6082 | D:6      | Found Rantoija's Magic Scroll Shoppe.
  6103 | D:6      | Reached skill level 8 in Polearms
  6111 | D:6      | Bought a scroll of blinking for 97 gold pieces
  6111 | D:6      | Bought a scroll of enchant armour for 97 gold pieces
  6707 | D:6      | Reached XP level 9. HP: 75/75 MP: 11/11
  6778 | D:6      | Reached skill level 1 in Throwing
  7407 | D:8      | Reached skill level 9 in Polearms
  7640 | D:8      | Noticed Maggie
  7654 | D:8      | Killed Maggie
  8052 | D:8      | Noticed Grum
  8058 | D:8      | Reached XP level 10. HP: 86/86 MP: 13/13
  8074 | D:8      | Killed Grum
  8209 | D:9      | Reached skill level 10 in Polearms
  8237 | D:8      | Slain by a wyvern

Illustrated notes

Levels and vault maps discovered:
D:1:      dpeg_arrival_simpleton_c, layout_loops_ring, hex_medium
D:2:      layout_basic, minmay_mini_jars, uniq_natasha
D:3:      layout_basic, grunt_temple_overflow_order_and_chaos_2,
          serial_co_window_serial, co_window_of_opportunity_a,
          co_window_of_opportunity_a, co_window_of_opportunity_a,
          co_window_corner_a, co_window_paths_b, co_window_of_opportunity_c,
          co_window_2corner, co_window_broadway_a, co_window_cross_3,
          co_window_of_opportunity_c, co_window_2corner, co_window_4corner_a,
          co_window_paths_e, glass_columns_b, glass_columns_a, glass_columns_b,
          glass_columns_a, glass_columns_a
D:4:      layout_rooms, mainiacjoe_overflow_chevrons,
          minmay_temple_entry_stoned_glass, chequers_serial_rivers_marsh
D:5:      layout_rooms, serial_shops, shop_fountains, minmay_hedge_maze
D:6:      layout_rooms, serial_shops, shop_coins, kennysheep_boxes, uniq_grinder
D:7:      layout_rooms, chequers_serial_rivers_small_b,
          amcnicky_mini_rare_corridor_liquid, grunt_decor_mini_mirrors
D:8:      old_forge, layout_cave_pools, minmay_misc_feat_hallway, uniq_maggie,
          uniq_grum
D:9:      layout_rooms, mainiacjoe_overflow_catwalk_spiral, enter_bailey_4,
          grunt_tough_drop
Temple:   bh_familiar_temple

Skill      XL: |  1  2  3  4  5  6  7  8  9 10 |
---------------+-------------------------------+-----
Polearms       | 2 3 4 5 6 8 9 10 | 10.0
Fighting       | 3 4 5 6 7 |  7.4
Shields        | 3 4 5 6 7 |  7.2
Throwing       | 1 |  1.5
Armour         | 3 |  3.2

Action                   |  1- 3 |  4- 6 |  7- 9 | 10-12 || total
-------------------------+-------+-------+-------+-------++-------
Melee: Trident           |   131 |   197 |   479 |    24 ||   831
Throw: Javelin           |       |     2 |    13 |       ||    15
       Dart              |       |       |     8 |     3 ||    11
       Boomerang         |       |       |     1 |       ||     1
Evoke: Wand              |       |       |    13 |       ||    13
  Use: Potion            |       |     3 |     3 |     2 ||     8
       Scroll            |       |       |    12 |       ||    12
 Stab: Distracted        |       |     1 |       |       ||     1
Armor: Scale mail        |    45 |    74 |    77 |       ||   196
       Troll leather arm |       |       |    90 |    20 ||   110
Dodge: Dodged            |    45 |    52 |   149 |    14 ||   260
Block: Buckler           |    18 |    23 |    86 |     9 ||   136
